 Dungeon Crawl Stone Soup version 0.22-a0-113-gdd6f4a9 (webtiles) character file.

224 Firecrotchwizard the Cleaver (level 6, -7/50 HPs)
             Began as a Hill Orc Gladiator on Jan 28, 2018.
             Mangled by Sigmund
             ... wielding a +3 scythe of venom
              (11 damage)
             ... on level 3 of the Dungeon.
             The game lasted 00:04:45 (2362 turns).

Firecrotchwizard the Cleaver (Hill Orc Gladiator)   Turns: 2362, Time: 00:04:46

Health: -7/50      AC:  8    Str: 17    XL:     6   Next: 0%
Magic:  6/6        EV: 11    Int: 10    God:
Gold:   131        SH:  0    Dex: 12    Spells: 5/5 levels left

rFire    . . .     SeeInvis .   a - +0 war axe
rCold    + . .     Gourm    .   (no shield)
rNeg     . . .     Faith    .   l - +0 ring mail
rPois    .         Spirit   .   c - +2 helmet
rElec    .         Reflect  .   (no cloak)
rCorr    .         Harm     .   (no gloves)
MR       .....                  (no boots)
Stlth    ..........             (no amulet)
HPRegen  0.16/turn              t - ring of protection from cold {rC+, !d}
MPRegen  0.10/turn              w - ring of loudness (curse) {Stlth-}

@: confused, lethally poisoned (-7 -> -14)
A: no striking features
a: no special abilities


You were on level 3 of the Dungeon.
You were not hungry.

You visited 1 branch of the dungeon, and saw 3 of its levels.

You collected 131 gold pieces.

Inventory:

Hand Weapons
 a - a +0 war axe (weapon)
Missiles
 d - 3 throwing nets {=f, !d}
Armour
 b - a +0 leather armour
 c - a +2 helmet (worn)
 l - a +0 ring mail (worn)
   (You found it on level 2 of the Dungeon)
Jewellery
 t - a ring of protection from cold (left hand) {rC+, !d}
   (You found it on level 3 of the Dungeon)
 w - a cursed ring of loudness (right hand) {Stlth-}
   (You found it on level 3 of the Dungeon)
Scrolls
 h - a scroll of fog
 k - a scroll of teleportation
 n - a scroll of identify
Potions
 e - a potion of brilliance {unknown}
 g - a potion of degeneration {unknown}
 i - a potion of haste {unknown}
 j - a potion of berserk rage {unknown}
 m - a potion of heal wounds {unknown}
 v - a potion of curing
Comestibles
 f - 4 rations {@e1}
 u - 14 chunks of flesh {@w0}


   Skills:
 - Level 2.4 Fighting
 + Level 8.5 Axes
 - Level 1.7 Throwing
 - Level 2.4 Dodging


You had 5 spell levels left.
You didn't know any spells.

Dungeon Overview and Level Annotations

Branches:
Dungeon (3/15)

Altars:

Annotations:
D:3 Sigmund


Message History

You barely miss the hobgoblin.
The quokka twitches its whiskers.
The hobgoblin closely misses you.
You barely miss the quokka. You hit the hobgoblin but do no damage.
The hobgoblin hits you with a club.
The quokka bites you but does no damage.
You take 3 damage, and have 39/42 hp.
You hit the quokka. You barely miss the hobgoblin.
The quokka closely misses you. The hobgoblin hits you with a club.
You take 2 damage, and have 37/42 hp.
You closely miss the quokka. You hit the hobgoblin but do no damage.
The quokka bites you but does no damage.
The hobgoblin hits you with a club. The quokka closely misses you.
You take 1 damage, and have 36/42 hp.
You closely miss the quokka. You slash the hobgoblin!
You kill the hobgoblin!
The quokka bites you but does no damage.
You hit the quokka but do no damage.
The quokka bites you but does no damage.
You hit the quokka but do no damage. The quokka bites you.
You take 2 damage, and have 35/42 hp.
You hit the quokka.
The quokka bites you but does no damage. x2
You hit the quokka.
You kill the quokka!
You have reached level 6!
Your experience leads to an increase in your attributes!
Increase (S)trength, (I)ntelligence, or (D)exterity?
You feel clever.
You regained 7 hp, and now have 42/50 hp.
MP restored: 6 You butcher the quokka corpse.
u - 13 chunks of flesh {@w0} (gained 1)
You see here a quokka skeleton. x2
Things that are here:
a club; a hobgoblin corpse You butcher the hobgoblin corpse.
u - 14 chunks of flesh {@w0} (gained 1)
You see here a club. x2
o - a glowing short sword You drop a glowing short sword.
Sigmund the Dreaded comes into view.
He is wielding a scythe of venom.
Sigmund shouts!
Sigmund gestures at you while chanting.
You are confused.
Sigmund casts a spell.
Sigmund flickers and vanishes!
Deactivating autopickup; reactivate with Ctrl-A.
You feel less confused. Something hits you but does no damage.
You are poisoned.
You feel sick. Something hits you but does no damage.
You take 1 damage, and have 44/50 hp.
You feel sick.
You take 1 damage, and have 43/50 hp.
You feel sick.
You hear some strange, mumbled words.
You are confused.
You take 1 damage, and have 42/50 hp.
You feel sick. Something hits you but does no damage.
You are more poisoned.
You take 1 damage, and have 42/50 hp.
You feel sick. Something hits you.
You take 7 damage, and have 35/50 hp.
You feel sick.
You take 1 damage, and have 34/50 hp.
You feel less confused.
You feel sick.
You hear some strange, mumbled words.
Something tries to affect you, but you resist.
You take 1 damage, and have 33/50 hp.
You feel sick. Something hits you!
You are more poisoned.
You take 8 damage, and have 25/50 hp.
You feel sick.
You hear some strange, mumbled words.
A magic dart appears from out of thin air!
The magic dart hits you!
You take 4 damage, and have 21/50 hp.
You feel sick. Something hits you!
* * * LOW HITPOINT WARNING * * *
You are more poisoned.
You take 12 damage, and have 9/50 hp.
MASSIVE DAMAGE!!
You feel better.
You regained 9 hp, and now have 18/50 hp.
You hear some strange, mumbled words.
You are confused.
You hear some strange, mumbled words.
A puff of flame appears from out of thin air!
The puff of flame hits you!
* * * LOW HITPOINT WARNING * * *
You take 10 damage, and have 8/50 hp.
Something hits you.
* * * LOW HITPOINT WARNING * * *
You are lethally poisoned!
You take 4 damage, and have 4/50 hp.
* * * LOW HITPOINT WARNING * * *
You feel sick. Something hits you!
You die...

#$.....................##
#................(...#.##
##....................#..#
#....................###.#
#....................# #.#
#....................# #.#
#...........########## #..
#...........###### ##.
#......{.@...รท...# #.
#............)...# #.
#...##...........# ##
#..,*#...........# #
#.,,*#.......)...# #
#,,,*#...........# #
*,,,*#...........#
*,,,*#...........#
*****#...........#


There were no monsters in sight!

Vanquished Creatures
  A phantom (D:3)
  An iguana (D:2)
  5 adders
  2 oozes
  A dart slug (D:3)
  2 leopard geckos
  An orc (D:3)
  5 bats
  4 giant cockroaches
  5 goblins
  10 hobgoblins
  A quokka (D:3)
  A ball python (D:3)
  A frilled lizard (D:3)
  6 kobolds
  5 rats
51 creatures vanquished.

Notes
Turn   | Place    | Note
-------+----------+-------------------------------------------
     0 | D:1      | Firecrotchwizard the Hill Orc Gladiator began the quest for the Orb.
     0 | D:1      | Reached XP level 1. HP: 18/18 MP: 1/1
    45 | D:1      | Reached XP level 2. HP: 22/25 MP: 2/2
    79 | D:1      | Reached skill level 5 in Axes
   276 | D:1      | Reached XP level 3. HP: 30/30 MP: 3/3
   871 | D:2      | Reached skill level 6 in Axes
  1521 | D:3      | Noticed a phantom
  1522 | D:3      | HP: 2/30 [iguana (10)]
  1539 | D:2      | Reached XP level 4. HP: 11/37 MP: 4/4
  1787 | D:3      | Killed a phantom
  1787 | D:3      | Reached skill level 8 in Axes
  1787 | D:3      | Reached XP level 5. HP: 29/42 MP: 5/5
  2327 | D:3      | Reached XP level 6. HP: 42/50 MP: 6/6
  2340 | D:3      | Noticed Sigmund
  2357 | D:3      | HP: 9/50 [something (10)]
  2361 | D:3      | HP: 4/50 [something (4)]
  2362 | D:3      | Mangled by Sigmund

Vault maps used:
D:1:      dpeg_arrival_ternary
D:3:      first_ration, uniq_sigmund

Skill      XL: |  1  2  3  4 |
---------------+-------------+-----
Axes           | 5 6 8 |  8.5
Fighting       | |  2.4
Throwing       | |  1.7
Dodging        | |  2.4

Action                   |  1- 3 |  4- 6 || total
-------------------------+-------+-------++-------
Melee: War axe           |    92 |    64 ||   156
  Use: Potion            |     2 |     1 ||     3
       Scroll            |       |     8 ||     8
  Eat: Ration            |     1 |       ||     1
       Chunk             |       |     1 ||     1
Armor: Leather armour    |    24 |       ||    24
       Ring mail         |     9 |    26 ||    35
Dodge: Dodged            |    70 |    36 ||   106

Table legend:
 A = Spawn XP
 B = Non-spawn XP
 C = Spawn XP percentage of total XP
 D = Spawn monster count
 E = Non-spawn monster count
 F = Spawn count percentage of total count
 G = Total turns spent on level
                    A         B        C        D         E        F      G
               +---------+---------+-------+---------+---------+-------+---------
         Total |       0 |     320 |   0.0 |       0 |      51 |   0.0 |  2362
               +---------+---------+-------+---------+---------+-------+---------
           D:1 |       0 |      40 |   0.0 |       0 |      19 |   0.0 |   502
           D:2 |       0 |      67 |   0.0 |       0 |      12 |   0.0 |  1135
           D:3 |       0 |     213 |   0.0 |       0 |      20 |   0.0 |   725
               +---------+---------+-------+---------+---------+-------+---------

Vault maps used:
D:1:      dpeg_arrival_ternary
D:3:      first_ration, uniq_sigmund

Table legend:
 A = Turns spent in this place as a percentage of turns spent in the entire game.
 B = Non-inter-level travel turns spent in this place as a percentage of non-inter-level travel turns spent in the entire game.
 C = Inter-level travel turns spent in this place as a percentage of turns spent in this place.
 D = Turns resting spent in this place as a percentage of non-inter-level travel turns spent in this place.
 E = Turns spent auto-exploring this place as a percentage of non-inter-level travel turns spent in this place.
 F = Non-inter-level travel turns spent in this place divided by the number of levels of this place that you've seen.
                   A       B       C       D       E      F
               +-------+-------+-------+-------+-------+----------------------
         Total | 100.0 | 100.0 |   2.0 |  34.9 |  47.6 | 771.7
       Dungeon | 100.0 | 100.0 |   2.0 |  34.9 |  47.6 | 771.7
               +-------+-------+-------+-------+-------+----------------------

Table legend:
 A = Kills in this place as a percentage of kills in entire the game.
 B = Kills by you in this place as a percentage of kills by you in the entire game.
 C = Kills by friends in this place as a percentage of kills by friends in the entire game.
 D = Other kills in this place as a percentage of other kills in the entire game.
 E = Experience gained in this place as a percentage of experience gained in the entire game.
 F = Experience gained in this place divided by the number of levels of this place that you have seen.
                   A       B       C       D       E      F
               +-------+-------+-------+-------+-------+----------------------
         Total | 100.0 | 100.0 |   N/A |   N/A | 100.0 | 106.7
       Dungeon | 100.0 | 100.0 |   N/A |   N/A | 100.0 | 106.7
               +-------+-------+-------+-------+-------+----------------------
